 Dungeon Crawl Stone Soup version 0.19.1 (webtiles) character file.

759794 tstststs the Metallomancer (level 27, 0/172 HPs)
             Began as a Gargoyle Earth Elementalist on Dec 17, 2016.
             Was the Champion of Vehumet.
             Killed by divine providence
             ... invoked by a greater mummy
              (12 damage)
             ... on level 3 of the Tomb of the Ancients on Dec 18, 2016.
             The game lasted 08:11:18 (113333 turns).

tstststs the Metallomancer (GrEE)                 Turns: 113333, Time: 08:11:23

Health: 0/172      AC: 39    Str: 25    XL:     27
Magic:  47/68      EV: 24    Int: 25    God:    Vehumet [******]
Gold:   1564       SH:  8    Dex: 17    Spells: 12 memorised, 2 levels left

rFire  + . .     SeeInvis +     i - +6 flail "Killer Klown's Death" {crush, rF+ Str+2 SInv}
rCold  x . .     Gourm    +     w - +2 robe {Archmagi}
rNeg   + + +     Faith    .     b - +3 buckler {AC+3}
rPois  ∞         Spirit   .     X - +0 helmet "Voiwadujuu" {rC- rN+++ Dex+4 SInv}
rElec  +         Reflect  .     k - +2 cloak
rCorr  .         Harm     .     A - +0 pair of fencer's gloves {+Riposte Dex+3}
MR     +++..                    Q - +2 pair of boots {Fly}
Stlth  +++.......               x - amulet of Dalah {Gourm rElec MR+ Str+4}
                                H - ring "Fenguu" {MP+9 Str+3 Stlth+}
                                c - ring of magical power

@: flying, very slightly contaminated, slowed, studying 2 skills, repel
missiles, very slow
A: big wings, negative energy resistance 1, electricity resistance, unbreathing,
petrification resistance, rot immunity, AC +20
a: Stop Flying, Renounce Religion
}: 4/15 runes: barnacled, slimy, silver, gossamer


You were on level 3 of the Tomb of the Ancients.
You worshipped Vehumet.
Vehumet was exalted by your worship.
You were not hungry.

You visited 13 branches of the dungeon, and saw 57 of its levels.
You visited the Abyss 1 time.
You also visited: Labyrinth, Volcano and Desolation.

You collected 9998 gold pieces.
You spent 8434 gold pieces at shops.

Inventory:

Hand Weapons
 i - the +6 flail "Killer Klown's Death" (weapon) {crush, rF+ Str+2 SInv}
   (You found it on level 5 of the Lair of Beasts)

   It inflicts extra damage upon your enemies.
   It affects your strength (+2).
   It protects you from fire.
   It lets you see invisible.
Armour
 b - a +3 buckler of protection (worn)
 k - a +2 cloak (worn)
 r - the +2 helmet of Indecent Exposure {MR+ Regen+}
   (You found it on level 1 of the Vaults)

   It affects your resistance to hostile enchantments.
   It increases your rate of regeneration.
 w - a +2 robe of the Archmagi (worn)
 A - the +0 pair of fencer's gloves (worn) {+Riposte Dex+3}
   (You found it in a labyrinth)

   It affects your dexterity (+3).
 Q - a +2 pair of boots of flying (worn)
 X - the +0 helmet "Voiwadujuu" (worn) {rC- rN+++ Dex+4 SInv}
   (You found it on level 5 of the Vaults)

   It affects your dexterity (+4).
   It makes you vulnerable to cold.
   It renders you almost immune to negative energy.
   It lets you see invisible.
Magical Staves
 T - an uncursed staff of energy
Jewellery
 c - a ring of magical power (left hand)
 x - the amulet of Dalah (around neck) {Gourm rElec MR+ Str+4}
   (You acquired it on level 1 of the Spider Nest)

   [amulet of the gourmand]

   It allows you to eat raw meat even when not hungry.
   It affects your strength (+4).
   It insulates you from electricity.
   It affects your resistance to hostile enchantments.
 H - the ring "Fenguu" (right hand) {MP+9 Str+3 Stlth+}
   (You found it in a labyrinth)

   [ring of stealth]

   It affects your strength (+3).
   It affects your magic capacity (+9).
   It makes you more stealthy.
Wands
 e - a wand of teleportation (3/9)
 p - a wand of heal wounds (1/9)
 y - a wand of teleportation (2/9)
 M - a wand of hasting (3/9)
 Y - a wand of teleportation (4/9)
Scrolls
 l - 3 scrolls of magic mapping
 m - 4 scrolls of fog
 o - 9 scrolls of immolation
 q - 15 scrolls of identify
 t - 6 scrolls of blinking
 v - a scroll of enchant weapon
 z - 23 scrolls of remove curse
 J - 10 scrolls of recharging
 K - a scroll of holy word
 N - a scroll of enchant armour
 R - 18 scrolls of teleportation
 Z - a scroll of summoning
Potions
 f - 11 potions of curing
 j - 9 potions of might
 s - 2 potions of resistance
 B - 3 potions of haste
 C - 4 potions of berserk rage
 D - 3 potions of agility
 F - a potion of magic
 G - 2 potions of cure mutation
 I - 8 potions of heal wounds
 L - a potion of invisibility
 O - 6 potions of cancellation
 S - 7 potions of ambrosia
Books
 h - a book of Enchantments

   Spells                             Type                      Level
   a - Cause Fear                     Hexes                        4
   b - Yara's Violent Unravelling     Hexes/Transmutation          5
   c - Silence                        Hexes/Air                    5
   d - Deflect Missiles               Charms/Air                   6
   e - Discord                        Hexes                        8
 n - a manual of Dodging
 E - a manual of Armour
Miscellaneous
 a - 5 phantom mirrors
 g - a disc of storms
Comestibles
 d - 10 bread rations
 u - 38 meat rations


   Skills:
 + Level 17.7 Fighting
 - Level 15.0 Maces & Flails
 - Level 13.3 Armour
 + Level 15.7 Dodging
 - Level 2.1 Stealth
 - Level 4.0 Shields
 * Level 23.7 Spellcasting
 + Level 19.0 Conjurations
 - Level 0.7 Transmutations
 * Level 22.7 Fire Magic
 * Level 9.8 Ice Magic
 + Level 26.2 Earth Magic


You had 2 spell levels left.
You knew the following spells:

 Your Spells              Type           Power        Failure   Level  Hunger
a - Shatter               Erth           ########..   1%          9    ######.
b - Glaciate              Conj/Ice       ########..   82%         9    ######.
c - Lee's Rapid Deconstr  Erth           ########..   0%          5    None
d - Bolt of Magma         Conj/Fire/Erth ########..   0%          5    None
e - Apportation           Tloc           #####.....   1%          1    None
f - Irradiate             Conj/Tmut      #######...   1%          5    None
g - Lehudib's Crystal Sp  Conj/Erth      ########..   1%          8    #####..
h - Spellforged Servitor  Conj/Summ      #######...   7%          7    ###....
i - Fireball              Conj/Fire      ########..   0%          5    None
j - Iron Shot             Conj/Erth      ########..   1%          6    None
k - Fire Storm            Conj/Fire      ########..   7%          9    ######.
l - Repel Missiles        Chrm/Air       #####.       1%          2    None


Dungeon Overview and Level Annotations

Branches:
Dungeon (15/15)            Temple (1/1) D:5            Lair (6/6) D:9
 Shoals (4/4) Lair:3       Spider (4/4) Lair:4        Slime (5/5) Lair:6
    Orc (2/2) D:12            Elf (3/3) Orc:2        Vaults (5/5) D:14
  Crypt (3/3) Vaults:2       Tomb (3/3) Crypt:3      Depths (5/5) D:15
   Hell (1/1)                 Zot (0/5) Depths:5
    Dis: Hell:1         Geh: Hell:1         Coc: Hell:1         Tar: Hell:1

Altars:
Ashenzari
Cheibriados
Dithmenos
Elyvilon
Fedhas
Gozag
Hepliaklqana
Kikubaaqudgha
Makhleb
Nemelex Xobeh
Okawaru
Qazlal
Ru
Sif Muna
Trog
Uskayaw
Vehumet
Xom
Yredelemnul
Zin
The Shining One
Beogh

Shops:
D:6 =   D:8 }   D:10 :   Orc:2 [*:![   Elf:1 ?   Elf:2 *   Elf:3 ==}
Vaults:4 (   Depths:1 :   Depths:4 *   Depths:5 ?[

Portals:
Hell: Depths:1 Depths:2 Depths:3 Depths:4 Depths:5
Abyss: Depths:4
Pandemonium: Orc:2 Depths:3 Depths:5
Ziggurat: Depths:4


Innate Abilities, Weirdness & Mutations

You are resistant to torment.
Your stone body is resilient. (AC +20)
You are immune to poison.
Your large and strong wings let you fly indefinitely.
You resist negative energy. (rN+)
You are resistant to electric shocks. (rElec)
You can survive without breathing.
You are immune to petrification.
You are immune to rotting.


Message History

Your fire vortex closely misses something.
Your fire vortex hits the mummy priest.
Your fire vortex burns the mummy priest!
The mummy priest is destroyed!
Vehumet accepts your kill.
Your fire vortex dissipates!
Something hits your fire vortex!!
The greater mummy is engulfed in roaring flames.
The greater mummy casts a spell at you. Something smites you!
* * * LOW HITPOINT WARNING * * *
A greater mummy and a revenant come into view.
Unknown command.
The revenant is engulfed in roaring flames.
The greater mummy casts a spell at you. Something smites you!
* * * LOW HITPOINT WARNING * * *
The greater mummy points at you and mumbles some strange words.
Something smites you!
You die...

....#.)....#..
....[§§§M§M....
.....§§LvM§....
.^..†v†§§v§.†..
.....v.§§v§....
.....§§§§§.....
$........†...v.
$.....z.<......
$$.....@../##..
$.#.....<...#
......#......#
##.#...........
▓ ▓▓▓▓▓▓▓▓▓▓▓▓


You could see 2 greater mummies, a revenant, a guardian mummy, a flying skull
and 6 friendly fire vortices.

Vanquished Creatures
  the Royal Jelly (Slime:5)
  7 ancient liches
  Mennas (Crypt:3)
  3 juggernauts
  27 greater mummies
  Margery (Vaults:5)
  Saint Roka (Elf:2)
  Xtahua (Vaults:2)
  2 golden dragons
  Jory (Vaults:4)
  Geryon (Hell)
  A bone dragon (Abyss:2)
  Nikola (Shoals:1)
  Jorgrun (Vaults:3)
  12 liches
  8 tentacled monstrosities
  The ghost of TheForgottenOwl the Warrior, an adept MiFi of Okawaru (Spider:2)
  5 deep elf blademasters
  A quicksilver dragon (Vaults:4)
  2 deep elf master archers (Elf:3)
  4 titans
  22 acid blobs
  A kraken (Shoals:2)
  A tentacled starspawn (Abyss:2)
  11 sphinxes
  Gastronok (D:8)
  Agnes (Elf:2)
  10 tengu reavers
  3 storm dragons
  9 ancient champions
  10 shadow dragons
  5 revenants
  Ilsuiw (Shoals:4)
  Donald (Shoals:2)
  11 azure jellies
  12 fire giants
  5 iron dragons
  A draconian knight (Depths:5)
  6 ghost moths
  3 imperial myrmidons (Desolation)
  A juggernaut zombie (Hell)
  2 draconian scorchers (Depths:5)
  10 frost giants
  17 vault wardens
  8 deep elf sorcerers
  Louise (Spider:2)
  A ghoul (Crypt:2)
  A balrug (Hell)
  4 deep elf elementalists
  4 orc warlords
  6 emperor scorpions
  5 curse skulls
  4 war gargoyles
  19 ironheart preservers
  6 reapers
  A spriggan defender (Depths:4)
  28 stone giants
  12 very ugly things
  Nessos (Lair:6)
  4 entropy weavers
  10 vampire knights
  12 deep elf demonologists
  8 bennus
  A lorocyproca (Hell)
  A dire elephant (D:15)
  7 deep elf annihilators
  A halazid warlock (Desolation)
  A mottled draconian (Vaults:4)
  A quicksilver dragon zombie (Tomb:3)
  14 eidola
  A blizzard demon (Hell)
  6 merfolk javelineers
  7 spark wasps
  23 ettins
  A green death (Hell)
  13 deep elf death magi
  3 crystal guardians
  8 fire dragons
  16 mummy priests
  A minotaur (Lab)
  An ettin (shapeshifter) (D:14)
  17 great orbs of eyes
  22 ogre magi
  8 ragged hierophants
  19 yaktaur captains
  6 death oozes
  8 jiangshi
  13 deep elf high priests
  6 ice dragons
  5 merfolk impalers
  6 peacekeepers (Desolation)
  8 rakshasas
  13 hydras
  3 merfolk avatars
  5 servants of whispers (Desolation)
  57 vault guards
  5 merfolk aquamancers
  7 spriggan air magi
  4 hell beasts
  4 death knights
  5 satyrs
  14 centaur warriors
  A catoblepas (Lair:6)
  An alligator snapping turtle (Shoals:3)
  13 deep troll earth magi
  A hell hog (Abyss:2)
  30 dancing weapons
  10 tengu warriors
  A hell hog (shapeshifter) (Depths:4)
  2 titan zombies (Crypt:3)
  19 death yaks
  81 death scarabs
  6 vampire magi
  4 thrashing horrors (Abyss:2)
  15 deep troll shamans
  4 spriggan berserkers
  7 orc high priests
  13 soul eaters
  3 wretched stars (Abyss:2)
  3 spriggans
  5 sun demons
  2 iron golems (Hell)
  A golden dragon zombie (Crypt:3)
  24 deep elf knights
  27 hell knights
  A spectral emperor scorpion (Spider:4)
  11 sea snakes
  A death drake (shapeshifter) (Depths:5)
  4 iron trolls
  33 skeletal warriors
  7 glowing orange brains
  3 shadow wraiths
  8 wizards
  4 flayed ghosts
  A lindwurm (Orc:1)
  27 deep trolls
  An infernal demonspawn (Orc:2)
  20 ironbrand convokers
  3 unseen horrors
  Pikel (D:4)
  23 orc knights
  11 hill giants
  3 starcursed masses (Abyss:2)
  A shadow dragon zombie (Crypt:3)
  19 necromancers
  2 spectral wolf spiders (Spider:4)
  A tengu zombie (Hell)
  23 deep elf archers
  19 phantasmal warriors
  A sphinx zombie (Hell)
  A shadow dragon skeleton (Crypt:3)
  17 orb spiders
  4 wolf spider zombies
  An anaconda skeleton (Crypt:3)
  7 large abominations
  82 deep elf magi
  23 harpies
  A cyclops (shapeshifter) (Depths:2)
  An oklob plant (Shoals:3)
  A sphinx skeleton (Depths:1)
  51 wolf spiders
  2 stone giant zombies
  An iron dragon zombie (Crypt:3)
  54 ugly things
  9 orc sorcerers
  A fire giant zombie (Crypt:2)
  4 shining eyes
  2 salamanders (Volcano)
  18 manticores
  A wolf spider (shapeshifter) (Vaults:5)
  10 cyclopes
  8 rust devils (Hell)
  2 iron dragon skeletons (Crypt:3)
  29 fauns
  2 worldbinders (Abyss:2)
  4 moths of wrath
  A frost giant zombie (Crypt:3)
  4 water nymphs
  Maurice (Orc:1)
  5 guardian serpents (Desolation)
  10 sirens
  24 vault sentinels
  4 black mambas
  A hell hog skeleton (Crypt:1)
  A torpor snail (Spider:2)
  A guardian serpent (shapeshifter) (Depths:4)
  13 elephants
  2 dire elephant zombies (Crypt:3)
  2 emperor scorpion zombies
  2 fire giant skeletons (Crypt:3)
  3 smoke demons
  5 spectral swamp worms (Depths:2)
  3 eyes of devastation
  10 spiny frogs
  2 dire elephant skeletons
  4 centaur skeletons
  4 spectral redbacks (Spider:4)
  2 gargoyles
  A shock serpent skeleton (Crypt:2)
  2 efreet
  A yaktaur zombie (Depths:1)
  2 orange demons
  23 demonic crawlers
  A tormentor (Abyss:2)
  8 ice devils (Hell)
  6 spriggan zombies
  32 yaktaurs
  13 hellwings (Crypt:3)
  A rime drake (shapeshifter) (Abyss:2)
  6 freezing wraiths
  2 catoblepas zombies
  A komodo dragon (shapeshifter) (Elf:1)
  8 komodo dragons
  9 trolls
  46 jumping spiders
  30 guardian mummies
  A redback zombie (Crypt:1)
  A troll (shapeshifter) (Vaults:2)
  4 tengu conjurers
  8 red devils
  9 hornets
  28 two-headed ogres
  A jumping spider (shapeshifter) (Depths:5)
  20 merfolk
  Grinder (D:4)
  4 polar bears
  2 tarantella zombies (Spider:4)
  10 dream sheep
  3 spectral tarantellas (Spider:4)
  10 wind drakes
  An ice dragon zombie (Hell)
  2 spectral jumping spiders (Spider:4)
  66 slime creatures
  19 hippogriffs
  6 jumping spider zombies (Spider:4)
  An alligator zombie (Crypt:3)
  14 snapping turtles
  4 raiju (Abyss:2)
  53 saltlings
  16 blink frogs
  A hydra skeleton (Abyss:2)
  Prince Ribbit (D:6)
  An elf zombie (Hell)
  2 ettin zombies
  28 flying skulls
  110 redbacks
  47 tarantellas
  A fire dragon skeleton (Crypt:2)
  2 shadows
  22 water elementals
  9 wyverns
  A tarantella (shapeshifter) (Vaults:4)
  32 ushabtiu
  A spriggan (shapeshifter) (Depths:4)
  11 air elementals
  A fire bat (shapeshifter) (Depths:3)
  2 vampires (D:15)
  A ynoxinul (Orc:2)
  11 wraiths
  A fire elemental (Elf:1)
  6 fire bats (Volcano)
  A steam dragon (Volcano)
  36 yaks
  3 basilisks
  3 chaos spawn
  4 mottled dragons
  2 neqoxecs (Abyss:2)
  4 hungry ghosts
  11 wargs
  2 floating eyes
  A soldier ant (D:14)
  16 water moccasins
  12 porcupines
  Duvessa (D:4)
  2 spectral hornets (Spider:4)
  75 orc warriors
  A hydra simulacrum (Hell)
  2 slaves (D:4)
  A blink frog zombie (Crypt:1)
  5 black bears
  12 ice beasts
  5 sky beasts
  2 black bears (shapeshifter)
  5 eyes of draining
  A spriggan simulacrum (Depths:1)
  2 hornet zombies
  3 necrophages
  A wolf (shapeshifter) (Vaults:4)
  90 ogres
  8 boggarts
  33 centaurs
  4 small abominations
  3 snapping turtle skeletons
  A torpor snail zombie (Crypt:1)
  23 wolves
  A tengu (shapeshifter) (Vaults:4)
  17 crocodiles
  2 phantoms
  A big kobold (D:8)
  20 bullfrogs
  A hell hound zombie (Crypt:2)
  A water moccasin zombie (D:5)
  3 earth elementals
  Dowan (D:4)
  A warg zombie (Crypt:1)
  9 wyvern skeletons (Crypt:3)
  4 scorpions
  A warg skeleton (Crypt:1)
  4 killer bees
  15 wights
  A troll skeleton (Abyss:2)
  4 electric eels
  6 howler monkeys
  6 jellies
  A human zombie (Crypt:3)
  7 crimson imps
  A quasit (D:15)
  2 centaur zombies
  37 orc priests
  A demonspawn zombie (Crypt:2)
  9 hounds
  A jelly (shapeshifter) (Vaults:3)
  An iron imp (Abyss:2)
  4 bullfrog skeletons
  4 hell rats (Hell)
  10 iguanas
  33 orc wizards
  14 worker ants
  5 hound zombies
  32 mummies
  2 worker ant zombies
  16 adders
  6 gnolls
  3 shadow imps
  15 white imps
  2 ufetubi
  2 oozes (D:3)
  A halfling zombie (Crypt:1)
  2 adder skeletons (D:6)
  4 worms
  A dart slug (D:1)
  8 leopard geckos
  122 orcs
  2 ball pythons
  13 bats
  6 giant cockroaches
  4 hobgoblins
  20 jackals
  11 kobolds
  4 quokkas
  6 frilled lizards
  2 goblins
  A jackal zombie (Crypt:2)
  A kobold skeleton (Crypt:1)
  A leopard gecko zombie (D:6)
  4 quokka skeletons
  9 rats
  11 crawling corpses (Elf:3)
  A fungus (Lair:6)
  10 plants
  5 withered plants (Crypt:3)
3340 creatures vanquished.

Vanquished Creatures (collateral kills)
  A greater mummy (Tomb:1)
  Boris (Tomb:3)
  2 acid blobs (Slime:5)
  A stone giant (Depths:5)
  A mummy priest (Tomb:3)
  A phantasmal warrior (Crypt:3)
  A wolf spider zombie (Tomb:2)
  4 slime creatures (Slime:2)
  3 mummies
15 creatures vanquished.

Vanquished Creatures (others)
  8 death scarabs (Tomb:1)
  An orc high priest (Orc:1)
  A storm dragon skeleton (Tomb:2)
  A stone giant zombie (Depths:1)
  5 flying skulls (Tomb:2)
  A water elemental (Elf:1)
  An orc warrior (Orc:2)
  A spiny frog skeleton (Tomb:2)
  A mummy (Tomb:2)
  An orc (Orc:1)
  A kobold (D:9)
  123 fire vortices
  14 fungi
  23 plants
  2 starspawn tentacles (Abyss:2)
  7 tentacles (Shoals:2)
  37 withered plants (Crypt:3)
228 creatures vanquished.

Grand Total: 3583 creatures vanquished

Notes
Turn   | Place    | Note
-------+----------+-------------------------------------------
     0 | D:1      | tstststs the Gargoyle Earth Elementalist began the quest for the Orb.
     0 | D:1      | Reached XP level 1. HP: 10/10 MP: 3/3
   440 | D:1      | Reached XP level 2. HP: 15/15 MP: 0/5
  1197 | D:2      | Reached skill level 4 in Earth Magic
  1263 | D:2      | Reached XP level 3. HP: 18/19 MP: 4/7
  1268 | D:2      | Learned a level 3 spell: Stone Arrow
  1996 | D:2      | Reached XP level 4. HP: 24/24 MP: 6/9
  2456 | D:3      | Reached skill level 1 in Conjurations
  2473 | D:3      | Found a glowing golden altar of the Shining One.
  2954 | D:3      | Reached XP level 5. HP: 28/28 MP: 7/10
  3356 | D:4      | Noticed Grinder
  3357 | D:4      | Noticed a slave
  3357 | D:4      | Paralysed by Grinder for 4 turns
  3382 | D:4      | Reached skill level 5 in Earth Magic
  3434 | D:4      | Noticed an ogre
  3439 | D:4      | Killed an ogre
  3439 | D:4      | Reached XP level 6. HP: 32/32 MP: 8/13
  3482 | D:4      | Learned a level 5 spell: Lee's Rapid Deconstruction
  3802 | D:4      | Reached skill level 5 in Spellcasting
  3834 | D:4      | Noticed Dowan
  3837 | D:4      | Noticed Duvessa
  3843 | D:4      | Killed Duvessa
  3843 | D:4      | Reached XP level 7. HP: 27/36 MP: 6/14
  3846 | D:4      | Killed Dowan
  3978 | D:5      | Entered Level 5 of the Dungeon
  4157 | D:5      | Gained mutation: Your large and strong wings let you fly indefinitely. [potion of beneficial mutation]
  4158 | D:5      | Gained mutation: You are resistant to hostile enchantments. (MR+) [potion of beneficial mutation]
  4178 | D:5      | Reached skill level 6 in Earth Magic
  4190 | D:4      | Found a basalt altar of Yredelemnul.
  4190 | D:4      | Found a glowing silver altar of Zin.
  4190 | D:4      | Found a sacrificial altar of Ru.
  4190 | D:4      | Found a shadowy altar of Dithmenos.
  4331 | D:4      | Noticed Pikel
  4481 | D:5      | Reached XP level 8. HP: 41/41 MP: 13/17
  4647 | D:5      | Found a staircase to the Ecumenical Temple.
  4662 | Temple   | Entered the Ecumenical Temple
  4785 | Temple   | Became a worshipper of Vehumet
  5079 | D:5      | Found a stormy altar of Qazlal.
  5673 | D:4      | Killed Pikel
  5673 | D:4      | Reached skill level 5 in Conjurations
  5673 | D:4      | Reached skill level 7 in Earth Magic
  6038 | D:4      | Killed Grinder
  6038 | D:4      | Reached XP level 9. HP: 45/45 MP: 10/20
  6706 | D:6      | Reached skill level 8 in Earth Magic
  6998 | D:6      | Found a burning altar of Makhleb.
  7119 | D:6      | Noticed Prince Ribbit
  7123 | D:6      | Killed Prince Ribbit
  7294 | D:6      | Found Sagronwy's Jewellery Shoppe.
  7819 | D:6      | Bought an uncursed ring of magical power for 220 gold pieces
  7926 | D:7      | Reached * piety under Vehumet
  7926 | D:7      | Offered knowledge of Flame Tongue by Vehumet.
  8518 | D:7      | Reached XP level 10. HP: 44/51 MP: 23/23
  8562 | D:7      | Reached skill level 1 in Armour
  8562 | D:7      | Reached skill level 9 in Earth Magic
  8582 | D:7      | Reached skill level 1 in Maces & Flails
  8976 | D:8      | Found Awets's Gadget Emporium.
  9077 | D:8      | Noticed Gastronok
  9095 | D:8      | Killed Gastronok
  9941 | D:8      | Found a bloodstained altar of Trog.
 10003 | D:8      | Offered knowledge of Shock by Vehumet.
 10167 | D:8      | Reached ** piety under Vehumet
 10249 | D:9      | Found a staircase to the Lair.
 10349 | D:9      | Reached skill level 10 in Spellcasting
 10630 | D:9      | Noticed a hill giant
 10635 | D:9      | Killed a hill giant
 10635 | D:9      | Reached XP level 11. HP: 59/59 MP: 25/25
 11006 | D:9      | Offered knowledge of Searing Ray by Vehumet.
 11726 | D:10     | Entered Level 10 of the Dungeon
 11736 | D:10     | Reached *** piety under Vehumet
 12145 | D:10     | Killed an unseen horror
 12514 | D:10     | Found Ywo Esse's Book Emporium.
 12742 | D:11     | Noticed a cyclops
 12744 | D:11     | Noticed a hill giant
 12747 | D:11     | Killed a cyclops
 12751 | D:11     | Killed a hill giant
 12751 | D:11     | Reached skill level 10 in Earth Magic
 13124 | D:11     | Found a large runed door.
 13124 | D:11     | Found a large runed door.
 13129 | D:11     | Noticed a purple ugly thing
 13144 | D:11     | Killed a purple ugly thing
 13144 | D:11     | Offered knowledge of Olgreb's Toxic Radiance by Vehumet.
 13497 | D:11     | Got a slimy leather armour
 13587 | D:10     | Noticed a deep elf archer
 13591 | D:10     | Killed a deep elf archer
 13602 | D:10     | Noticed an ogre mage
 13610 | D:10     | Killed an ogre mage
 13610 | D:10     | Reached skill level 5 in Fighting
 13610 | D:10     | Reached skill level 5 in Armour
 13610 | D:10     | Reached XP level 12. HP: 40/68 MP: 27/27
 13828 | D:10     | Reached **** piety under Vehumet
 13844 | D:10     | Noticed a four-headed hydra
 13852 | D:10     | Killed a four-headed hydra
 14292 | D:11     | Offered knowledge of Throw Icicle by Vehumet.
 14298 | D:11     | Learned a level 4 spell: Throw Icicle
 14572 | D:11     | Noticed a sphinx
 14575 | D:11     | Noticed a frost giant
 14962 | D:11     | Paralysed by a sphinx for 6 turns
 14970 | D:11     | Killed a sphinx
 14970 | D:11     | Reached skill level 5 in Maces & Flails
 15137 | D:11     | Found an opulent altar of Gozag.
 15142 | D:11     | Found a bloodstained altar of Trog.
 15255 | D:12     | Found Ymokkack's Food Boutique.
 15339 | D:12     | Found a labyrinth entrance.
 15346 | Lab      | Entered a labyrinth
 16682 | Lab      | Noticed a minotaur
 16690 | Lab      | Killed a minotaur
 16694 | Lab      | Got a heavily runed crystal amulet
 16697 | Lab      | Got a shimmering robe
 16838 | Lab      | Got an ancient tin ring
 16886 | D:12     | Identified the ring "Fenguu" {MP+9 Str+3 Stlth+} (You found it in a labyrinth)
 16943 | D:12     | Identified the amulet of Ykogimih {Spirit *Corrode rN+ Str+3 SInv} (You took it off a minotaur in a labyrinth)
 17037 | D:12     | Found a staircase to the Orcish Mines.
 17758 | Lair:1   | Entered Level 1 of the Lair of Beasts
 17854 | Lair:1   | Noticed a spriggan rider
 17858 | Lair:1   | Killed a spriggan rider
 17858 | Lair:1   | Reached skill level 5 in Dodging
 18129 | Lair:1   | Learned a level 1 spell: Apportation
 18149 | Lair:1   | Reached skill level 11 in Earth Magic
 18518 | Lair:1   | Reached XP level 13. HP: 69/74 MP: 28/28
 18931 | Lair:1   | Reached ***** piety under Vehumet
 18983 | Lair:1   | Offered knowledge of Poisonous Cloud by Vehumet.
 19121 | Lair:1   | Learned a level 6 spell: Poisonous Cloud
 20512 | Lair:3   | Got a jewelled leather armour
 20549 | Lair:2   | Identified the cursed +0 leather armour "Bifaeh" {rPois Int-5 Dex+2} (You found it on level 3 of the Lair of Beasts)
 20572 | Lair:2   | Identified the +3 leather armour of Summer {rF+} (You found it on level 11 of the Dungeon)
 20753 | Lair:2   | Identified the +1 robe of Dithmenos's Esteem {-Cast rPois rC++ Dex+10} (You took it off a minotaur in a labyrinth)
 20865 | Lair:3   | Found a staircase to the Shoals.
 21728 | Lair:4   | Found a hole to the Spider Nest.
 21753 | Lair:4   | Reached skill level 10 in Conjurations
 22939 | Lair:4   | Mutation became permanent: Your large and strong wings let you fly indefinitely. [Gargoyle growth]
 22939 | Lair:4   | Reached XP level 14. HP: 53/82 MP: 25/30
 23983 | Lair:4   | Reached skill level 12 in Earth Magic
 24794 | Lair:5   | Got a fine flail
 24802 | Lair:5   | Identified the +6 flail "Killer Klown's Death" {crush, rF+ Str+2 SInv} (You found it on level 5 of the Lair of Beasts)
 25815 | Lair:6   | Entered Level 6 of the Lair of Beasts
 25815 | Lair:6   | Noticed Nessos
 25825 | Lair:6   | Found a staircase to the Slime Pits.
 25830 | Lair:6   | Offered knowledge of Bolt of Cold by Vehumet.
 25831 | Lair:6   | Killed Nessos
 26325 | Lair:6   | Learned a level 6 spell: Bolt of Cold
 29100 | Lair:6   | Reached XP level 15. HP: 89/89 MP: 32/32
 29717 | Lair:6   | HP: 4/89 [catoblepas/blast of calcifying dust (7)]
 30532 | D:11     | Killed a frost giant
 30990 | D:13     | Reached skill level 13 in Earth Magic
 31280 | D:13     | Offered knowledge of Spellforged Servitor by Vehumet.
 31884 | D:14     | Found a gate to the Vaults.
 32905 | D:14     | Learned a level 7 spell: Spellforged Servitor
 33142 | D:14     | Offered knowledge of Lightning Bolt by Vehumet.
 33368 | D:14     | Learned a level 5 spell: Lightning Bolt
 33573 | D:15     | Entered Level 15 of the Dungeon
 34017 | D:15     | Reached XP level 16. HP: 88/97 MP: 34/34
 34232 | D:15     | Reached skill level 10 in Fighting
 34846 | D:15     | Found an iron altar of Okawaru.
 35696 | D:15     | Found a staircase to the Depths.
 35988 | D:15     | Offered knowledge of Iron Shot by Vehumet.
 35996 | D:15     | Learned a level 6 spell: Iron Shot
 36339 | Orc:1    | Entered Level 1 of the Orcish Mines
 36426 | Orc:1    | Noticed Maurice
 36439 | Orc:1    | Killed Maurice
 36449 | Orc:1    | Found a dark tunnel.
 36531 | Volcano  | Entered a volcano
 36893 | Volcano  | Reached skill level 15 in Spellcasting
 37697 | Orc:1    | Found a roughly hewn altar of Beogh.
 38329 | Orc:2    | Entered Level 2 of the Orcish Mines
 38378 | Orc:2    | Found Boxkasm's Antique Armour Emporium.
 38767 | Orc:2    | Offered knowledge of Delayed Fireball by Vehumet.
 39266 | Orc:2    | Found Diudek's Distillery.
 39286 | Orc:2    | Found Biyqaipy's General Store.
 39540 | Orc:2    | Bought a potion of magic for 112 gold pieces
 39540 | Orc:2    | Bought 2 potions of heal wounds for 140 gold pieces
 39540 | Orc:2    | Bought a potion of invisibility for 112 gold pieces
 39540 | Orc:2    | Bought a potion of invisibility for 112 gold pieces
 39542 | Orc:2    | Bought a scroll of identify for 22 gold pieces
 39542 | Orc:2    | Bought a scroll of magic mapping for 38 gold pieces
 39676 | Orc:2    | Reached skill level 10 in Maces & Flails
 39963 | Orc:2    | Reached skill level 14 in Earth Magic
 40081 | Orc:2    | Found Muxzallyxe's Book Boutique.
 40083 | Orc:2    | Found Keusocal's Antique Armour Shop.
 40088 | Orc:2    | Found a one-way gate leading to the halls of Pandemonium.
 40171 | Orc:2    | Reached ****** piety under Vehumet
 40223 | Orc:2    | Offered knowledge of Ozocubu's Refrigeration by Vehumet.
 40457 | Orc:2    | Found a staircase to the Elven Halls.
 41203 | Orc:1    | Found a roughly hewn altar of Beogh.
 41233 | Orc:1    | Reached XP level 17. HP: 35/104 MP: 34/36
 42007 | Shoals:1 | Entered Level 1 of the Shoals
 42734 | Orc:2    | Bought a book of Power for 675 gold pieces
 42742 | Orc:2    | Learned a level 5 spell: Bolt of Magma
 42742 | Orc:2    | Bought a book of Flames for 525 gold pieces
 42748 | Orc:2    | Learned a level 5 spell: Fireball
 43753 | Shoals:1 | Noticed Nikola
 43763 | Shoals:1 | Killed Nikola
 43951 | Shoals:1 | Offered knowledge of Lehudib's Crystal Spear by Vehumet.
 43951 | Shoals:1 | Offered knowledge of Shatter by Vehumet.
 43951 | Shoals:1 | Offered knowledge of Chain Lightning by Vehumet.
 44886 | Shoals:2 | Noticed Donald
 44902 | Shoals:2 | Killed Donald
 45424 | Shoals:2 | Noticed a kraken
 45431 | Shoals:2 | HP: 2/104 [tentacle[a kraken] (7)]
 45434 | Shoals:2 | Killed a kraken
 46204 | Shoals:2 | Lost mutation: You are resistant to hostile enchantments. (MR+) [potion of cure mutation]
 47096 | Shoals:2 | Gained mutation: You are partially covered in yellow scales. (AC +2) [potion of mutation]
 47096 | Shoals:2 | Gained mutation: Scrolls take you a little longer to read. [potion of mutation]
 47096 | Shoals:2 | Gained mutation: You are somewhat resistant to further mutation. [potion of mutation]
 47650 | Spider:1 | Entered Level 1 of the Spider Nest
 47690 | Spider:1 | Identified a scroll of acquirement
 47692 | Spider:1 | Got a faintly glowing platinum amulet
 47695 | Spider:1 | Identified the amulet of Dalah {Gourm rElec MR+ Str+4} (You acquired it on level 1 of the Spider Nest)
 49430 | Spider:1 | Reached skill level 1 in Fire Magic
 49649 | Spider:1 | Reached skill level 15 in Earth Magic
 49649 | Spider:1 | Reached XP level 18. HP: 104/111 MP: 38/38
 50734 | Spider:2 | Noticed TheForgottenOwl's ghost (adept MiFi)
 51299 | Spider:2 | Noticed Louise
 51369 | Spider:2 | Killed Louise
 51984 | Spider:2 | Killed TheForgottenOwl's ghost
 53217 | Spider:2 | Learned a level 8 spell: Lehudib's Crystal Spear
 53229 | Spider:2 | Learned a level 9 spell: Shatter
 53361 | Spider:3 | Gained mutation: Your muscles are strong. (Str +2) [potion of beneficial mutation]
 53478 | Spider:3 | Got a jewelled mace
 53479 | Spider:3 | Identified the +7 mace "Tegigoasuy" {crush, rC+ MR++ Stlth-} (You found it on level 3 of the Spider Nest)
 53640 | Spider:4 | Entered Level 4 of the Spider Nest
 54079 | Spider:4 | Reached skill level 5 in Fire Magic
 54470 | Spider:4 | Reached skill level 10 in Dodging
 54563 | Spider:4 | Reached XP level 19. HP: 117/117 MP: 39/39
 56281 | Spider:4 | Got a gossamer rune of Zot
 56742 | Spider:1 | Reached skill level 16 in Earth Magic
 57352 | Shoals:3 | Found a shimmering altar of Xom.
 58942 | Shoals:4 | Entered Level 4 of the Shoals
 59694 | Shoals:4 | Got a barnacled rune of Zot
 59788 | Shoals:4 | Reached XP level 20. HP: 124/124 MP: 34/41
 60464 | Shoals:4 | Noticed Ilsuiw
 60469 | Shoals:4 | Killed Ilsuiw
 61649 | Vaults:1 | Entered Level 1 of the Vaults
 63311 | Vaults:1 | Got a steaming helmet
 63661 | Vaults:1 | Identified the +2 helmet of Indecent Exposure {MR+ Regen+} (You found it on level 1 of the Vaults)
 64012 | Vaults:1 | Reached skill level 17 in Earth Magic
 64441 | Vaults:1 | Reached skill level 15 in Conjurations
 65115 | Vaults:2 | Found a staircase to the Crypt.
 65230 | Vaults:2 | Reached XP level 21. HP: 130/130 MP: 42/42
 66360 | Vaults:2 | Reached skill level 10 in Fire Magic
 66706 | Vaults:2 | Noticed Xtahua
 66713 | Vaults:2 | Killed Xtahua
 68264 | Vaults:3 | Reached skill level 18 in Earth Magic
 68268 | Vaults:3 | Noticed Jorgrun
 68275 | Vaults:3 | Killed Jorgrun
 69194 | Vaults:3 | Reached XP level 22. HP: 113/137 MP: 44/44
 70073 | Vaults:4 | Found a ruined gateway.
 70104 | Desolati | Entered the Desolation of Salt
 70215 | Desolati | Identified the Tome of Ignition and Confrontation
 70392 | Desolati | Reached skill level 19 in Earth Magic
 70692 | Desolati | Identified the Disquisition on Ghastly Calling
 70917 | Desolati | Identified Sif Muna's Volume of Ashen Transformation
 70929 | Desolati | Got a twitching amber ring
 70932 | Desolati | Identified the ring "Nepomis" {+Inv Str+4 Dex-5 SInv Stlth+} (You found it in the Desolation of Salt)
 71472 | Vaults:4 | Noticed Jory
 71487 | Vaults:4 | Killed Jory
 72026 | Vaults:4 | Reached skill level 20 in Earth Magic
 72113 | Vaults:4 | Got a crude glaive {flame}
 72114 | Vaults:4 | Identified the +2 glaive of Terror {flame, rElec rF+ MR+} (You took it off an ogre mage on level 4 of the Vaults)
 72609 | Vaults:4 | Found Sajacoth's Weapon Shop.
 73078 | Vaults:4 | Reached XP level 23. HP: 142/142 MP: 46/46
 73270 | Vaults:4 | Noticed a golden dragon
 73275 | Vaults:4 | Killed a golden dragon
 73556 | Vaults:4 | Paralysed by a floating eye for 4 turns
 74024 | Vaults:4 | Identified the Reference Book on the Toxic Frostbite
 74222 | Vaults:4 | Reached skill level 21 in Earth Magic
 74273 | Vaults:5 | Entered Level 5 of the Vaults
 74280 | Vaults:5 | Reached skill level 22 in Earth Magic
 74282 | Vaults:5 | Noticed an ancient lich
 74283 | Vaults:5 | Killed an ancient lich
 74799 | Vaults:5 | Noticed an ancient lich
 74799 | Vaults:5 | Reached XP level 24. HP: 146/148 MP: 47/47
 74800 | Vaults:5 | Reached skill level 23 in Earth Magic
 74802 | Vaults:5 | Killed an ancient lich
 74805 | Vaults:5 | Noticed Margery
 74807 | Vaults:5 | Killed Margery
 74821 | Vaults:5 | Reached skill level 24 in Earth Magic
 75055 | Vaults:4 | Reached skill level 1 in Ice Magic
 76115 | Vaults:5 | Got a silver rune of Zot
 76129 | Vaults:5 | Got a heavily runed helmet
 76140 | Vaults:5 | Identified the +0 helmet "Voiwadujuu" {rC- rN+++ Dex+4 SInv} (You found it on level 5 of the Vaults)
 77159 | Vaults:5 | Reached skill level 1 in Shields
 77638 | Vaults:5 | Learned a level 5 spell: Irradiate
 78014 | Depths:1 | Entered Level 1 of the Depths
 78167 | Crypt:1  | Entered Level 1 of the Crypt
 79508 | Crypt:2  | Reached XP level 25. HP: 107/153 MP: 30/47
 81759 | Crypt:3  | Entered Level 3 of the Crypt
 81942 | Crypt:3  | Reached skill level 10 in Armour
 81954 | Crypt:3  | Identified the Reference Book on Unholy Magic
 81959 | Crypt:3  | Got a pair of brightly glowing boots
 81970 | Crypt:3  | Identified the +1 pair of boots of Precision Catastrophes {rF- rCorr Dex+6} (You found it on level 3 of the Crypt)
 83729 | Crypt:3  | Found a staircase to the Tomb.
 83806 | Crypt:3  | Noticed Mennas
 83840 | Crypt:3  | Killed Mennas
 85054 | Crypt:3  | Found an ancient bone altar of Kikubaaqudgha.
 85546 | Crypt:3  | Noticed an ancient lich
 85551 | Crypt:3  | Killed an ancient lich
 87116 | Orc:2    | Bought an embroidered robe for 227 gold pieces
 87138 | Orc:2    | Bought an embroidered cloak for 357 gold pieces
 87191 | Elf:1    | Entered Level 1 of the Elven Halls
 87328 | Elf:1    | Reached XP level 26. HP: 158/160 MP: 47/47
 87690 | Elf:1    | Found Hefaag's Magic Scroll Boutique.
 87701 | Elf:1    | Bought a scroll of recharging for 142 gold pieces
 87701 | Elf:1    | Bought a scroll of identify for 30 gold pieces
 87701 | Elf:1    | Bought a scroll of identify for 30 gold pieces
 87701 | Elf:1    | Bought a scroll of identify for 30 gold pieces
 88379 | Elf:2    | Noticed Saint Roka
 88383 | Elf:2    | Killed Saint Roka
 88870 | Elf:2    | Found an ancient bone altar of Kikubaaqudgha.
 88968 | Elf:2    | Found a runed gate.
 88968 | Elf:2    | Found a runed gate.
 88969 | Elf:2    | Found a runed gate.
 89081 | Elf:2    | Found Zaphumuo's Assorted Antiques.
 89110 | Elf:2    | Noticed Agnes
 89112 | Elf:2    | Killed Agnes
 89119 | Elf:2    | Reached skill level 15 in Fighting
 89149 | Elf:2    | Cast into level 2 of the Abyss (hand axe of distortion)
 89526 | Abyss:2  | Gained mutation: You are frail. (-10% HP) [a neqoxec]
 89902 | Abyss:2  | Noticed an ancient lich
 89906 | Abyss:2  | Killed an ancient lich
 89921 | Elf:2    | Escaped the Abyss
 90093 | Elf:2    | Lost mutation: Scrolls take you a little longer to read. [potion of cure mutation]
 90093 | Elf:2    | Lost mutation: You are frail. (-10% HP) [potion of cure mutation]
 90093 | Elf:2    | Lost mutation: Your muscles are strong. (Str +2) [potion of cure mutation]
 90093 | Elf:2    | Lost mutation: You are partially covered in yellow scales. (AC +2) [potion of cure mutation]
 90093 | Elf:2    | Lost mutation: You are somewhat resistant to further mutation. [potion of cure mutation]
 90877 | Elf:3    | Entered Level 3 of the Elven Halls
 91381 | Elf:3    | Found Meulur's Jewellery Shop.
 91382 | Elf:3    | Found Senax Wes's Gadget Emporium.
 91384 | Elf:3    | Found Apufecza's Jewellery Shop.
 91805 | Elf:3    | Reached XP level 27. HP: 122/166 MP: 48/48
 92050 | Elf:3    | Got a smoking robe
 92051 | Elf:3    | Identified the +2 robe "Ehymyd" {rElec Dex+2 Stlth+} (You took it off a deep elf death mage on level 3 of the Elven Halls)
 92400 | Elf:3    | Identified Sif Muna's Volume of the Birds and Calling
 92409 | Elf:3    | Got a brightly glowing silver ring
 92410 | Elf:3    | Identified the ring "Semyng" {Slay+2 SInv} (You took it off a deep elf sorcerer on level 3 of the Elven Halls)
 92412 | Elf:3    | Identified Ubevuf's Almanac of Evil and Heat
 92462 | Elf:3    | Got a crude wooden ring
 92463 | Elf:3    | Identified the ring "Haiq" {MR+ Dex+4 SInv Stlth+} (You took it off a deep elf death mage on level 3 of the Elven Halls)
 93251 | D:10     | Bought a book of Annihilations for 1435 gold pieces
 93251 | D:10     | Bought a manual of Dodging for 1435 gold pieces
 93261 | D:10     | Learned a level 9 spell: Fire Storm
 93437 | D:15     | Learned a level 8 spell: Lehudib's Crystal Spear
 93671 | Depths:1 | Reached skill level 15 in Fire Magic
 94163 | Depths:1 | Found Bocoanti's One-of-a-Kind Books.
 94196 | Depths:1 | Found a gateway to Hell.
 94522 | Hell     | Entered the Vestibule of Hell
 94522 | Hell     | Noticed Geryon
 94536 | Hell     | Killed Geryon
 94720 | Hell     | Noticed an ancient lich
 94892 | Hell     | Killed an ancient lich
 97996 | Depths:3 | Noticed a juggernaut
 98000 | Depths:3 | Killed a juggernaut
 98314 | Depths:3 | Identified Cucvubuh's Handbook of Fetching Confrontation
 99445 | Depths:4 | Found Reggyss's General Store.
 99455 | Depths:4 | Bought a scroll of enchant weapon for 75 gold pieces
 99455 | Depths:4 | Bought a scroll of identify for 20 gold pieces
 99455 | Depths:4 | Bought a scroll of teleportation for 30 gold pieces
 99791 | Depths:4 | Found a gateway to a ziggurat.
100641 | Depths:4 | Found a one-way gate to the infinite horrors of the Abyss.
101046 | Depths:5 | Entered Level 5 of the Depths
101047 | Depths:5 | Reached skill level 15 in Maces & Flails
101050 | Depths:5 | Reached skill level 25 in Earth Magic
101479 | Depths:5 | Found Suimol's Magic Scroll Boutique.
101479 | Depths:5 | Noticed a juggernaut
101484 | Depths:5 | Killed a juggernaut
101497 | Depths:5 | Bought a scroll of identify for 32 gold pieces
101497 | Depths:5 | Bought a scroll of acquirement for 832 gold pieces
101497 | Depths:5 | Bought a scroll of identify for 32 gold pieces
101497 | Depths:5 | Bought a scroll of acquirement for 832 gold pieces
101497 | Depths:5 | Bought a scroll of enchant weapon for 120 gold pieces
101497 | Depths:5 | Bought a scroll of magic mapping for 56 gold pieces
101497 | Depths:5 | Bought a scroll of teleportation for 48 gold pieces
101497 | Depths:5 | Bought a scroll of enchant weapon for 120 gold pieces
101878 | Depths:5 | Got a smoking marble ring
101879 | Depths:5 | Identified the ring of the Monkey's Uncle {rF+ Dex+2} (You found it on level 5 of the Depths)
102039 | Depths:5 | Paralysed by a floating eye for 4 turns
102228 | Depths:5 | Got a clouded pewter ring
102229 | Depths:5 | Identified the ring of Witukk {*Tele +Fly rC+ Stlth+} (You found it on level 5 of the Depths)
102365 | Depths:5 | Found Vaucal's Antique Armour Shop.
102584 | Depths:5 | Noticed a juggernaut
102590 | Depths:5 | Killed a juggernaut
103450 | Depths:5 | Found a gate to the Realm of Zot.
103535 | Depths:5 | Identified the ring "Memiol" {rC+ Int+3} (You found it on level 5 of the Depths)
103972 | Slime:1  | Entered Level 1 of the Pits of Slime
104562 | Slime:5  | Entered Level 5 of the Pits of Slime
104946 | Slime:5  | Noticed the Royal Jelly
104949 | Slime:5  | Killed the Royal Jelly
104966 | Slime:5  | Gained mutation: You tend to lose your temper in combat. [a shining eye]
104967 | Slime:5  | Gained mutation: Your spells are a little easier to cast, but a little less powerful. [a shining eye]
105297 | Slime:5  | Got a slimy rune of Zot
105337 | Slime:5  | Learned a level 2 spell: Repel Missiles
105732 | D:15     | Lost mutation: You tend to lose your temper in combat. [potion of cure mutation]
105732 | D:15     | Lost mutation: Your spells are a little easier to cast, but a little less powerful. [potion of cure mutation]
106253 | D:15     | Learned a level 9 spell: Glaciate
106546 | Tomb:1   | Entered Level 1 of the Tomb of the Ancients
106613 | Tomb:1   | Noticed a greater mummy
106626 | Tomb:1   | Killed a greater mummy
106630 | Tomb:1   | Noticed a greater mummy
106633 | Tomb:1   | Killed a greater mummy
106636 | Tomb:1   | Noticed a greater mummy
106912 | Tomb:1   | Killed a greater mummy
106916 | Tomb:1   | Noticed a greater mummy
106918 | Tomb:1   | Killed a greater mummy
106925 | Tomb:1   | Noticed a greater mummy
107293 | Tomb:1   | Noticed a greater mummy
107294 | Tomb:1   | Killed a greater mummy
107295 | Tomb:1   | Killed a greater mummy
107322 | Tomb:1   | Noticed a greater mummy
107325 | Tomb:1   | Killed a greater mummy
107328 | Tomb:1   | Noticed a greater mummy
107571 | Tomb:1   | Killed a greater mummy
107677 | Tomb:1   | Noticed an ancient lich
107679 | Tomb:1   | Noticed a greater mummy
107681 | Tomb:1   | Killed an ancient lich
107681 | Tomb:1   | Killed a greater mummy
107682 | Tomb:1   | Reached skill level 5 in Ice Magic
107684 | Tomb:1   | Noticed a greater mummy
107689 | Tomb:1   | Killed a greater mummy
107692 | Tomb:1   | Noticed a greater mummy
107695 | Tomb:1   | Killed a greater mummy
107962 | Tomb:1   | Noticed a greater mummy
107965 | Tomb:1   | Killed a greater mummy
108422 | Tomb:1   | Noticed a greater mummy
108427 | Tomb:1   | Killed a greater mummy
108499 | Tomb:1   | Noticed a greater mummy
108505 | Tomb:1   | Killed a greater mummy
108683 | Tomb:1   | Noticed a greater mummy
108688 | Tomb:1   | Killed a greater mummy
108799 | Tomb:1   | Noticed a greater mummy
108802 | Tomb:1   | Killed a greater mummy
108822 | Tomb:1   | Noticed a greater mummy
108824 | Tomb:1   | Killed a greater mummy
109045 | Tomb:1   | Noticed a greater mummy
109048 | Tomb:1   | Noticed a greater mummy
109049 | Tomb:1   | Killed a greater mummy
109057 | Tomb:1   | Killed a greater mummy
109057 | Tomb:1   | Reached skill level 15 in Dodging
109473 | Tomb:1   | Noticed a greater mummy
109477 | Tomb:1   | Killed a greater mummy
109494 | Tomb:1   | Noticed a greater mummy
109496 | Tomb:1   | Killed a greater mummy
109681 | Tomb:1   | Noticed a greater mummy
109686 | Tomb:1   | Killed a greater mummy
109956 | Tomb:1   | Noticed a greater mummy
109959 | Tomb:1   | Killed a greater mummy
110224 | Tomb:1   | Noticed a greater mummy
110226 | Tomb:1   | Killed a greater mummy
110709 | Tomb:1   | Noticed a greater mummy
110712 | Tomb:1   | Killed a greater mummy
111207 | Tomb:2   | Noticed a greater mummy
111207 | Tomb:2   | Noticed a greater mummy
111207 | Tomb:2   | Noticed a greater mummy
111212 | Tomb:2   | Noticed an ancient lich
111212 | Tomb:2   | Killed a greater mummy
111212 | Tomb:2   | Reached skill level 26 in Earth Magic
111212 | Tomb:2   | Killed a greater mummy
111215 | Tomb:1   | Killed a greater mummy
111480 | Tomb:2   | Killed an ancient lich
112053 | D:12     | Bought a meat ration for 50 gold pieces
112053 | D:12     | Bought a meat ration for 50 gold pieces
112053 | D:12     | Bought 5 fruits for 75 gold pieces
112053 | D:12     | Bought a meat ration for 50 gold pieces
112053 | D:12     | Bought a meat ration for 50 gold pieces
112053 | D:12     | Bought a meat ration for 50 gold pieces
112053 | D:12     | Bought a bread ration for 50 gold pieces
112053 | D:12     | Bought a bread ration for 50 gold pieces
112053 | D:12     | Bought a royal jelly for 20 gold pieces
112053 | D:12     | Bought a bread ration for 50 gold pieces
112053 | D:12     | Bought a meat ration for 50 gold pieces
112053 | D:12     | Bought a bread ration for 50 gold pieces
113165 | Tomb:3   | Entered Level 3 of the Tomb of the Ancients
113320 | Tomb:3   | Noticed Boris
113322 | Tomb:3   | Killed Boris
113330 | Tomb:3   | Noticed a greater mummy
113333 | Tomb:3   | Noticed a greater mummy
113333 | Tomb:3   | Killed from afar by a greater mummy

Skill      XL: |  1  2  3  4  5  6  7  8  9 10 11 12 13 14 15 16 17 18 19 20 21 22 23 24 25 26 27 |
---------------+----------------------------------------------------------------------------------+-----
Earth Magic    | 4 5 6 7 8 9 10 11 12 13 14 15 16 17 18 20 22 24 26 | 26.2
Spellcasting   | 3 4 5 6 7 9 10 11 12 13 14 15 16 17 18 19 20 21 23 | 23.7
Conjurations   | 1 2 3 4 5 7 8 9 10 11 12 13 14 15 16 19 | 19.0
Armour         | 3 5 6 7 8 9 11 12 13 | 13.3
Dodging        | 3 4 5 6 7 8 9 10 11 12 15 | 15.7
Maces & Flails | 3 4 5 7 8 9 10 11 12 13 14 15 | 15.0
Fighting       | 2 5 6 7 8 9 10 11 12 13 14 15 17 | 17.7
Fire Magic     | 1 5 7 9 10 11 12 14 22 | 22.7
Ice Magic      | 2 9 |  9.8
Shields        | 2 4 |  4.0
Stealth        | |  2.1
Transmutations | |  0.7

Action                   |  1- 3 |  4- 6 |  7- 9 | 10-12 | 13-15 | 16-18 | 19-21 | 22-24 | 25-27 || total
-------------------------+-------+-------+-------+-------+-------+-------+-------+-------+-------++-------
Melee: Whip              |     9 |       |   115 |   206 |       |       |       |       |       ||   330
       Mace              |       |       |    38 |       |       |       |       |       |       ||    38
       Flail             |       |       |       |    24 |   337 |   662 |   421 |   250 |   658 ||  2352
       Sacred scourge    |       |       |       |       |       |       |       |       |    64 ||    64
 Cast: Sandblast         |    51 |    80 |    47 |       |     1 |     1 |       |       |       ||   180
       Stone Arrow       |       |       |    25 |   203 |   519 |   150 |       |     1 |       ||   898
       Lee's Rapid Decon |       |       |     9 |    32 |    71 |    96 |    38 |    73 |    51 ||   370
       Throw Icicle      |       |       |       |     4 |    12 |       |       |       |       ||    16
       Iron Shot         |       |       |       |       |       |   142 |    54 |   101 |   458 ||   755
       Bolt of Magma     |       |       |       |       |       |   186 |   355 |   185 |   298 ||  1024
       Fireball          |       |       |       |       |       |   110 |   243 |    78 |   116 ||   547
       Bolt of Cold      |       |       |       |       |       |     3 |       |       |       ||     3
       Shatter           |       |       |       |       |       |       |       |    40 |   228 ||   268
       Spellforged Servi |       |       |       |       |       |       |       |       |     1 ||     1
       Fire Storm        |       |       |       |       |       |       |       |       |    99 ||    99
       Lehudib's Crystal |       |       |       |       |       |       |       |       |     3 ||     3
       Repel Missiles    |       |       |       |       |       |       |       |       |     1 ||     1
 Abil: Fly               |       |       |     1 |     1 |       |       |       |       |     1 ||     3
       Stop Flying       |       |       |       |     1 |       |       |       |     2 |       ||     3
Evoke: Wand              |       |       |       |     9 |     2 |    14 |     2 |     5 |     6 ||    38
  Use: Scroll            |     1 |     9 |     8 |    12 |    14 |    24 |     4 |    11 |    30 ||   113
       Potion            |       |       |     2 |     5 |     7 |    24 |     4 |    16 |     7 ||    65
 Stab: Sleeping          |       |       |     1 |     2 |     3 |     2 |       |       |     3 ||    11
       Petrified         |       |       |       |       |     6 |       |       |       |       ||     6
       Distracted        |       |       |       |       |     1 |       |     1 |     1 |    11 ||    14
  Eat: Chunk             |     3 |     6 |    10 |    21 |    31 |    99 |    61 |    39 |   147 ||   417
       Pizza             |       |       |     1 |     1 |     2 |       |       |     2 |     5 ||    11
       Bread ration      |       |       |     1 |     1 |       |     5 |       |     2 |    17 ||    26
       Beef jerky        |       |       |     1 |     7 |     3 |       |       |     3 |     4 ||    18
       Fruit             |       |       |       |       |    22 |     3 |       |     6 |    25 ||    56
       Meat ration       |       |       |       |       |       |     1 |       |       |       ||     1
       Royal jelly       |       |       |       |       |       |       |       |       |     3 ||     3
Armor: Robe              |    14 |    14 |   100 |   173 |   365 |   593 |   297 |   202 |   505 ||  2263
Dodge: Dodged            |    24 |    24 |   123 |   186 |   545 |  1135 |   457 |   294 |   692 ||  3480
Block: Buckler           |       |       |       |       |       |       |       |       |   262 ||   262
       Rpst.: Flail      |       |       |       |    13 |   136 |   241 |    66 |    58 |   134 ||   648
       Sacred scourge    |       |       |       |       |       |       |       |       |     2 ||     2
